 Dungeon Crawl Stone Soup version 0.17-a0-1-g1f4be75 (webtiles) character file.

742132 achirane the Slayer (level 27, -8/182 HPs)
             Began as a Tengu Conjurer on Mar 2, 2015.
             Was the Champion of Vehumet.
             Killed by dispel undead
             ... invoked by an anubis guard
              (28 damage)
             ... on level 3 of the Tomb of the Ancients on Mar 5, 2015.
             The game lasted 1day 03:15:36 (120257 turns).

achirane the Slayer (Tengu Conjurer)           Turns: 120257, Time: 1, 03:15:36

Health: -8/182     AC: 19    Str: 15      XL:     27
Magic:  10/47      EV: 22    Int: 30 (32) God:    Vehumet [******]
Gold:   4940       SH: 19    Dex: 10 (13) Spells: 14 memorised, 0 levels left

rFire  + . .     SeeInvis +     O - staff of air
rCold  + . .     Clarity  +     l - +2 robe {Archmagi}
rNeg   + + +     SustAb   .     Z - +5 shield {rF+}
rPois  ∞         Gourm    .     S - +0 mask of the Dragon {MR+ Slay+3 SInv} (curse)
rElec  +         Spirit   .     P - +2 cloak {MR+}
rCorr  .         Warding  .     M - +1 pair of gloves of Integrity {rN+} (curse)
rMut   .         Stasis   .     (boots unavailable)
MR     +++++                    w - amulet of regeneration
Stlth  +.........               V - ring of the Stallion {rN+ MR+ MP-9 Str+4 Int+6}
                                W - ring "Clet Khe" {+Fly rElec MP+9 AC+4}

@: lich-form, tornado, flying quickly and evasively, very slightly contaminated,
hasted and slowed, deflect missiles, quick, almost entirely resistant to hostile
enchantments, very unstealthy
A: able to fly continuously, beak, talons 3, blurry vision 1, clarity, clumsy 1,
screaming 1
a: Stop Flying, End Transformation, Renounce Religion
}: 3/15 runes: serpentine, barnacled, slimy


You were on level 3 of the Tomb of the Ancients.
You worshipped Vehumet.
Vehumet was exalted by your worship.
You were not hungry.
You were a lich.
You visited 13 branches of the dungeon, and saw 67 of its levels.
You visited 1 bazaar.
You also visited: Sewer and Ice Cave.

You collected 9747 gold pieces.
You spent 4807 gold pieces at shops.

Inventory:

Hand weapons
 h - a cursed +0 quick blade of electrocution
 Q - the cursed +6 quarterstaff of Kouvuz {crush, rF+}
   (You took it off a wight on level 2 of the Crypt)

   It inflicts extra damage upon your enemies.
   It protects you from fire.
   It has a curse placed upon it.
Armour
 l - a +2 robe of the Archmagi (worn)
 M - the cursed +1 pair of gloves of Integrity (worn) {rN+}
   (You found it on level 2 of the Depths)

   It protects you from negative energy.
   It has a curse placed upon it.
 P - a +2 cloak of magic resistance (worn)
 S - the cursed +0 mask of the Dragon (worn) {MR+ Slay+3 SInv}
   (You found it on level 6 of the Pits of Slime)

   It affects your accuracy and damage with ranged weapons and melee attacks
   (+3).
   It affects your resistance to hostile enchantments.
   It enhances your eyesight.
   It has a curse placed upon it.
 Z - a +5 shield of fire resistance (worn)
Magical staves
 a - a cursed staff of conjuration
 g - an uncursed staff of energy
 H - an uncursed staff of death
 O - an uncursed staff of air (weapon)
 T - an uncursed staff of fire
Jewellery
 e - the cursed ring "Lazeib" {rF+ MR+ Str+7 Int-4 Dex+3 Stlth-}
   (You bought it in a shop in a bazaar)

   [ring of protection from magic]

   It affects your strength (+7).
   It affects your intelligence (-4).
   It affects your dexterity (+3).
   It protects you from fire.
   It affects your resistance to hostile enchantments.
   It makes you less stealthy.
   It has a curse placed upon it.
 j - the cursed brooch of Shielding {Ward rN+ AC+4 EV+4}
   (You bought it in a shop on level 4 of the Orcish Mines)

   [amulet of warding]

   It may prevent the melee attacks of summoned creatures.
   It affects your AC (+4).
   It affects your evasion (+4).
   It protects you from negative energy.
   It has a curse placed upon it.
 p - the cursed ring "Kosaot" {rC+ rN+ MR- Dex+5}
   (You found it on level 3 of the Crypt)

   [ring of positive energy]

   It affects your dexterity (+5).
   It protects you from cold.
   It protects you from negative energy.
   It affects your resistance to hostile enchantments.
   It has a curse placed upon it.
 u - the amulet "Taschuedd" {Gourm rPois}
   (You took it off a deep elf annihilator on level 3 of the Elven Halls)

   [amulet of the gourmand]

   It allows you to eat raw meat even when not hungry.
   It protects you from poison.
 w - an amulet of regeneration (around neck)
 z - an uncursed amulet of resist mutation
 C - an uncursed ring of positive energy
 K - a cursed ring of invisibility
 L - a cursed ring of protection from cold
 V - the ring of the Stallion (right hand) {rN+ MR+ MP-9 Str+4 Int+6}
   (You took it off a deep elf high priest on level 3 of the Elven Halls)

   [ring of protection from magic]

   It affects your strength (+4).
   It affects your intelligence (+6).
   It protects you from negative energy.
   It affects your resistance to hostile enchantments.
   It affects your magic capacity (-9).
 W - the ring "Clet Khe" (left hand) {+Fly rElec MP+9 AC+4}
   (You took it off a deep elf summoner on level 3 of the Elven Halls)

   [ring of protection]

   It affects your AC (+4).
   It insulates you from electricity.
   It affects your magic capacity (+9).
   It lets you fly.
Magical devices
 m - a wand of cold (7)
 r - a wand of heal wounds (6)
 G - a wand of fire (1)
 R - a wand of digging (6)
 U - a wand of lightning (4)
 Y - a wand of invisibility (4)
Scrolls
 c - 2 scrolls of blinking
 d - 4 scrolls of amnesia
 f - 5 scrolls of fear
 i - 25 scrolls of remove curse
 o - 15 scrolls of teleportation
 s - 4 scrolls of silence
 y - 5 scrolls of magic mapping
 A - 7 scrolls of identify
 J - 7 scrolls of fog
Potions
 n - 9 potions of resistance
 t - 5 potions of agility
 x - 10 potions of heal wounds
 B - a potion of berserk rage
 D - 6 potions of brilliance
 F - 12 potions of might
 I - a potion of haste
 N - 16 potions of curing
 X - 2 potions of magic
Miscellaneous
 k - a crystal ball of energy
 q - a phantom mirror
Comestibles
 b - 13 bread rations
 v - a beef jerky
 E - 3 meat rations


   Skills:
 - Level 21.0 Fighting
   Level 0.7 Long Blades
 - Level 11.8 Staves
 - Level 15.2 Dodging
 - Level 2.0 Stealth
 - Level 16.9 Shields
 - Level 19.5 Spellcasting
 - Level 11.0 Conjurations
 - Level 10.0 Charms
 - Level 19.4 Necromancy
 - Level 10.3 Translocations
 - Level 16.0 Transmutations
 + Level 12.4 Fire Magic
 - Level 19.3 Air Magic
 - Level 16.9 Evocations


You couldn't memorise any spells.
You knew the following spells:

 Your Spells              Type           Power        Failure   Level  Hunger
a - Magic Dart            Conj           ####         0%          1    N/A
b - Necromutation         Trmt/Necr      ########..   8%          8    N/A
c - Iskenderun's Battles  Conj/Chrm      #######.     1%          5    N/A
d - Searing Ray           Conj           ######       1%          2    N/A
e - Sticky Flame          Conj/Fire      #######.     1%          4    N/A
f - Death Channel         Necr           ########..   1%          6    N/A
g - Fireball              Conj/Fire      #######...   1%          5    N/A
h - Bolt of Fire          Conj/Fire      #######...   1%          6    N/A
i - Deflect Missiles      Chrm/Air       ########..   1%          6    N/A
j - Tornado               Air            ########..   11%         9    N/A
k - Haste                 Chrm           #######.     4%          6    N/A
l - Airstrike             Air            ########..   0%          4    N/A
m - Blink                 Tloc           N/A          1%          2    N/A
n - Apportation           Tloc           #######...   1%          1    N/A

Dungeon Overview and Level Annotations

Branches:
Dungeon (15/15)            Temple (1/1) D:4            Lair (8/8) D:11
 Shoals (5/5) Lair:6        Snake (5/5) Lair:4        Slime (6/6) Lair:8
    Orc (4/4) D:10            Elf (3/3) Orc:4        Vaults (4/5) D:14
  Crypt (3/3) Vaults:3       Tomb (3/3) Crypt:3      Depths (5/5) D:15
    Zot (4/5) Depths:5

Altars:
Ashenzari
Cheibriados
Dithmenos
Elyvilon
Fedhas
Gozag
Kikubaaqudgha
Nemelex Xobeh
Okawaru
Qazlal
Ru
Trog
Vehumet
Xom
Yredelemnul
The Shining One
Beogh
Jiyva

Shops:
D:7 [   D:10 *   D:13 [(}(%   D:14 (   Orc:4 ?!=%=   Elf:1 :   Elf:2 (
Elf:3 [   Shoals:1 ?   Shoals:3 *   Shoals:4 *   Snake:1 }   Snake:2 %%*[?
Depths:1 [

Portals:
Hell: Depths:1 Depths:2 Depths:3 Depths:4 Depths:5
Abyss: Depths:4
Pandemonium: Depths:2 Depths:3
Ziggurat: Depths:2
Trove: D:12 (show abyssal rune of Zot)

Annotations:
D:5 Natasha, Sigmund
Elf:3 2 exclusions


Innate Abilities, Weirdness & Mutations

You can fly continuously.
You have a beak for a mouth.
You have claws for feet.
Scrolls take you a little longer to read.
You possess an exceptional clarity of mind.
You are clumsy. (Dex -2)
You occasionally shout uncontrollably at your foes.


Message History

Casting: Tornado
Confirm with . or Enter, or press ? or * to list all spells.
You feel a strong surge of power!
A great vortex of raging winds appears around you.
The anubis guard invokes the aid of its god against you.
You convulse!
You block the shadow's attack.
The anubis guard invokes the aid of its god against you.
You convulse!
* * * LOW HITPOINT WARNING * * *
You kill the anubis guard!
Vehumet accepts your kill.
You feel your power returning.
You destroy the shadow!
The anubis guard mumbles some strange prayers to its god against you.
You convulse!
* * * LOW HITPOINT WARNING * * *
The anubis guard howls a hunting cry!
The anubis guard calls down the wrath of its god upon you.
You convulse!
You die...

...
#..M...#
#M.)...#
#.HHsM?#
#H)M.M.#
#H§§HH.#
#H§b§§.#
#H§§§§§#
#M§L§§§#
#H§§§§§#
#§§§§§.#
########


You could see 2 greater mummies, an emperor scorpion, a bennu, 9 anubis guards,
3 guardian mummies and a mummy.

Vanquished Creatures
  the royal jelly (Slime:6)
  Khufu (Crypt:3)
  2 orbs of fire
  22 greater mummies
  Boris (Depths:4)
  Sojobo (Vaults:4)
  3 ancient liches
  Norris (Vaults:1)
  2 caustic shrikes (Depths:2)
  3 curse toes
  Mara (Vaults:4)
  11 golden dragons
  Jory (Vaults:2)
  A profane servitor (Crypt:1)
  Xtahua (Depths:4)
  Frederick (Depths:4)
  A bone dragon (Crypt:3)
  An electric golem (Zot:3)
  4 liches
  9 tentacled monstrosities
  An Ice Fiend (IceCv)
  A titan (Depths:4)
  2 deep elf blademasters
  3 quicksilver dragons (Depths:2)
  A deep elf master archer (Elf:3)
  2 krakens
  2 eldritch tentacles (Tomb:2)
  16 acid blobs
  16 sphinxes
  An Executioner (Elf:3)
  An octopode crusher (Depths:5)
  7 shadow dragons
  3 tengu reavers
  Kirke (D:15)
  4 ancient champions
  6 storm dragons
  12 draconian monks
  Ilsuiw (Shoals:5)
  7 revenants
  11 azure jellies
  9 greater nagas
  16 fire giants
  Donald (Shoals:4)
  Maud (Lair:5)
  2 iron dragons
  12 frost giants
  2 ghost moths
  3 draconian scorchers
  8 draconian knights
  Aizul (Depths:2)
  2 orc warlords
  8 emperor scorpions
  A balrug (Depths:2)
  A curse skull (Crypt:1)
  9 deep elf sorcerers
  A frost giant (shapeshifter) (Depths:2)
  8 draconian zealots
  Gastronok (Orc:1)
  6 ghouls
  20 ironheart preservers
  17 vault wardens
  2 spriggan defenders (Depths:2)
  Jorgrun (Shoals:3)
  18 very ugly things
  A caustic shrike skeleton (Depths:4)
  5 draconian annihilators
  5 draconian shifters
  8 vampire knights
  9 reapers
  4 war gargoyles (Crypt:3)
  3 draconian callers
  23 stone giants
  6 grey draconians
  8 deep elf demonologists
  6 green draconians
  4 bennus (Tomb:2)
  12 deep elf annihilators
  8 pale draconians
  5 black draconians
  2 salamander firebrands (Zot:1)
  6 mottled draconians
  6 dire elephants
  3 purple draconians
  4 red draconians
  2 white draconians
  7 yellow draconians
  3 eidola
  7 unborn
  Snorg (Orc:2)
  9 merfolk javelineers
  8 deep elf death magi
  5 merfolk impalers
  10 death oozes
  10 ettins
  27 fire dragons
  5 death cobs
  2 rakshasas
  3 crystal guardians (Crypt:3)
  5 deep elf high priests
  5 jiangshi
  12 mummy priests
  8 vault guards
  4 minotaurs
  21 yaktaur captains
  A quicksilver dragon zombie (Crypt:1)
  17 great orbs of eyes
  16 ice dragons
  4 spriggan air magi
  15 naga warriors
  6 hydras
  A quicksilver dragon skeleton (Crypt:1)
  17 deep troll earth magi
  19 anacondas
  15 centaur warriors
  5 merfolk avatars
  3 catoblepae
  15 ogre magi
  5 merfolk aquamancers
  2 satyrs (Shoals:4)
  23 dancing weapons
  3 death knights
  12 deep troll shamans
  26 death yaks
  5 tengu warriors
  8 shock serpents
  Urug (D:10)
  2 orc high priests (Elf:2)
  7 spriggan berserkers
  A vampire mage (Crypt:2)
  5 soul eaters
  26 deep elf knights
  3 hell hogs (Depths:1)
  11 naga sharpshooters
  A storm dragon zombie (Crypt:3)
  Nergalle (Lair:8)
  3 iron trolls (Depths:5)
  25 hell knights
  A fire crab (Vaults:2)
  3 titan skeletons
  A shock serpent (shapeshifter) (Depths:3)
  28 death scarabs
  5 shadow wraiths
  A ghost moth zombie (Crypt:3)
  44 skeletal warriors
  3 unseen horrors
  7 giant orange brains
  34 deep trolls
  11 flayed ghosts
  A lindwurm (shapeshifter) (Depths:1)
  2 golden dragon zombies
  4 ice devils (IceCv)
  20 hill giants
  A death drake (shapeshifter) (Elf:2)
  10 sea snakes
  21 orc knights
  A gelid demonspawn (Depths:2)
  14 anubis guards
  15 naga ritualists
  2 ice statues (IceCv)
  13 deep elf summoners
  8 salamander mystics
  4 lindwurms (Snake:5)
  Pikel (D:9)
  A golden dragon skeleton (Crypt:2)
  68 ugly things
  27 necromancers
  20 ironbrand convokers
  5 harpies
  2 shadow dragon zombies
  30 mana vipers
  5 wolf spiders
  2 tengu zombies (D:15)
  8 cyclopes
  2 frost giant zombies
  3 fire giant zombies
  A putrid demonspawn (Depths:3)
  8 deep elf conjurers
  An iron dragon zombie (Crypt:2)
  16 manticores
  3 wizards
  2 hornets
  2 wolf spider zombies
  6 orc sorcerers
  9 phantasmal warriors
  16 griffons
  A stone giant zombie (Crypt:2)
  7 water nymphs
  2 tengu skeletons
  An orb spider (shapeshifter) (Vaults:2)
  7 fauns
  2 hornets (shapeshifter)
  A stone giant skeleton (Crypt:3)
  4 shining eyes
  A water nymph (shapeshifter) (Depths:3)
  A salamander (shapeshifter) (Depths:3)
  An iron dragon skeleton (Crypt:3)
  A sphinx skeleton (Vaults:3)
  5 elephants (Lair:6)
  13 guardian serpents
  2 frost giant skeletons
  2 rust devils
  2 sixfirhies
  Joseph (D:8)
  2 centaur zombies
  20 moths of wrath
  2 fire giant skeletons
  18 spiny frogs
  16 sirens
  18 salamanders
  2 centaur skeletons
  3 gargoyles
  3 torpor snails
  2 eyes of devastation
  9 komodo dragons
  8 vault sentinels
  74 black mambas
  A spiny frog (shapeshifter) (Depths:3)
  3 drowned souls (Shoals:4)
  A smoke demon (Tomb:1)
  3 kobold demonologists
  An orange demon (Depths:2)
  An efreet (D:14)
  A hellion (Depths:3)
  A catoblepas zombie (Crypt:3)
  28 naga magi
  14 freezing wraiths
  64 yaktaurs
  A pale draconian skeleton (Crypt:1)
  A yaktaur skeleton (Vaults:3)
  A tengu conjurer (D:14)
  A jumping spider (Vaults:4)
  5 fire drakes
  2 hellwings
  A jumping spider (shapeshifter) (Elf:3)
  2 fire drakes (shapeshifter)
  21 guardian mummies
  9 trolls
  17 deep elf priests
  A human skeleton (Vaults:2)
  8 polar bears (Lair:8)
  39 merfolk
  5 wind drakes
  11 blue devils
  2 hydra zombies
  18 two-headed ogres
  10 blink frogs
  3 wandering mushrooms (Zot:4)
  17 ushabtiu
  11 ravens
  A hornet zombie (D:15)
  4 air elementals
  A boulder beetle (Vaults:2)
  4 fire dragon zombies
  A baby alligator (shapeshifter) (D:15)
  106 slime creatures
  An ice dragon zombie (Crypt:3)
  3 raiju (Lair:8)
  3 basilisks
  A guardian serpent skeleton (Crypt:2)
  2 fire giant simulacra
  A frost giant simulacrum (Vaults:3)
  A basilisk (shapeshifter) (D:15)
  11 redbacks
  A spriggan (shapeshifter) (Depths:3)
  45 flying skulls
  2 ettin skeletons
  9 snapping turtles
  5 spriggans
  9 shadows
  4 tarantellas
  A trapdoor spider (D:11)
  9 wraiths
  A tarantella (shapeshifter) (Depths:2)
  A spriggan simulacrum (Depths:4)
  A black mamba zombie (Crypt:1)
  23 water elementals
  5 yaks (Lair:8)
  A fire bat (shapeshifter) (D:15)
  3 vampires
  3 hungry ghosts
  A hippogriff (shapeshifter) (Depths:5)
  22 deep elf magi
  A wind drake skeleton (Crypt:2)
  A yak (shapeshifter) (D:14)
  14 hippogriffs
  16 vampire mosquitoes
  28 deep elf fighters
  A steam dragon (Lair:8)
  Grum (D:8)
  5 wyverns
  2 golden eyes (Slime:6)
  3 mottled dragons
  6 hogs (D:15)
  A deep troll zombie (Depths:5)
  17 wargs
  63 nagas
  39 wolves
  A chaos spawn (Tomb:1)
  2 spiny frog zombies
  A yaktaur simulacrum (Vaults:3)
  11 hell hounds
  20 porcupines
  4 sky beasts
  A slave (D:9)
  40 water moccasins
  A swamp drake (shapeshifter) (Depths:2)
  A water moccasin (shapeshifter) (Vaults:1)
  13 black bears
  A black bear (shapeshifter) (Depths:4)
  A blink frog zombie (Crypt:1)
  4 human zombies
  68 orc warriors
  11 crocodiles
  4 ice beasts
  26 centaurs
  8 necrophages
  8 eyes of draining
  66 ogres
  6 lost souls
  4 wasps
  A boring beetle (shapeshifter) (Depths:2)
  4 boring beetles
  2 big kobolds
  13 boggarts
  Blork the orc (D:7)
  A salamander zombie (Crypt:1)
  A draconian zombie (Crypt:1)
  20 giant frogs
  A big kobold (shapeshifter) (Depths:1)
  A dryad skeleton (Crypt:1)
  4 wyvern skeletons
  A water moccasin zombie (Crypt:2)
  5 scorpions
  A warg zombie (Crypt:2)
  A water moccasin skeleton (D:8)
  3 killer bees (D:11)
  24 jellies
  14 wights
  A polar bear skeleton (Crypt:1)
  14 crimson imps
  A wolf skeleton (Crypt:2)
  6 electric eels (D:11)
  3 giant frog zombies
  29 orc priests
  5 goliath beetles
  2 quasits
  2 giant frog skeletons
  23 hounds
  6 iguanas
  34 orc wizards
  10 worker ants
  17 hell rats
  11 sheep
  A killer bee zombie (D:10)
  A dwarf zombie (Crypt:1)
  A felid zombie (Crypt:1)
  37 mummies
  2 worker ant zombies
  86 river rats
  5 gnolls
  A scorpion zombie (Crypt:2)
  27 adders
  5 shadow imps
  2 giant mites
  12 white imps
  8 ufetubi
  2 adder zombies
  7 giant geckos
  3 oozes
  265 orcs
  3 ball pythons
  15 bats
  A bat skeleton (Crypt:1)
  4 giant cockroaches
  21 hobgoblins
  20 kobolds
  13 quokkas
  5 giant newts
  A giant spore (D:13)
  23 goblins
  A hobgoblin zombie (Crypt:1)
  12 jackals
  A jackal zombie (D:6)
  A kobold skeleton (Crypt:2)
  26 rats
  15 ballistomycetes
  4 plants
  A tentacle (Shoals:5)
3609 creatures vanquished.

Vanquished Creatures (collateral kills)
  A reaper (Tomb:1)
  An ushabti (Tomb:1)
2 creatures vanquished.

Vanquished Creatures (others)
  An eldritch tentacle (Crypt:3)
  2 draconian scorchers
  A draconian annihilator (Zot:1)
  A draconian shifter (Zot:1)
  A yellow draconian (Zot:4)
  A dire elephant (Depths:1)
  A purple draconian (Zot:1)
  A yaktaur captain (Vaults:4)
  A shadow wraith (Vaults:4)
  2 death scarabs (Tomb:2)
  A deep troll (Vaults:4)
  An ironbrand convoker (Vaults:4)
  A necromancer (Depths:1)
  A torpor snail (Depths:1)
  2 drowned souls (Shoals:4)
  A slime creature (Depths:1)
  6 flying skulls
  A slave (D:9)
  A lost soul (Crypt:2)
  A boggart (Depths:1)
  A hound (D:9)
  An iron imp (Depths:4)
  2 ufetubi (IceCv)
  4 giant spores
  85 eldritch tentacle segments
  2 fungi
  15 plants
  3 tentacles (Shoals:5)
  8 tentacle segments (Shoals:5)
149 creatures vanquished.

Grand Total: 3760 creatures vanquished

Notes
Turn   | Place    | Note
--------------------------------------------------------------
     0 | D:1      | achirane, the Tengu Conjurer, began the quest for the Orb.
     0 | D:1      | Reached XP level 1. HP: 10/10 MP: 3/3
   426 | D:1      | Reached XP level 2. HP: 13/15 MP: 0/5
   475 | D:1      | Reached skill level 6 in Conjurations
  1039 | D:1      | Reached XP level 3. HP: 17/19 MP: 1/7
  1578 | D:2      | Reached XP level 4. HP: 24/24 MP: 1/9
  1742 | D:2      | Reached skill level 7 in Conjurations
  1756 | D:2      | Learned a level 4 spell: Iskenderun's Mystic Blast
  2281 | D:3      | Found a blossoming altar of Fedhas.
  2573 | D:3      | Found a glowing drain.
  2577 | Sewer    | Entered a sewer
  2687 | Sewer    | Noticed Purgy
  2881 | D:3      | Reached XP level 5. HP: 28/28 MP: 7/11
  2987 | D:4      | Found a shimmering altar of Xom.
  3357 | D:4      | Reached skill level 8 in Conjurations
  3504 | D:4      | Reached XP level 6. HP: 20/32 MP: 8/15
  3849 | D:4      | Found a staircase to the Ecumenical Temple.
  3858 | Temple   | Entered the Ecumenical Temple
  3885 | Temple   | Became a worshipper of Vehumet
  3935 | Temple   | Learned a level 5 spell: Iskenderun's Battlesphere
  4008 | D:4      | Noticed an ogre
  4018 | D:4      | Killed an ogre
  4018 | D:4      | Reached skill level 9 in Conjurations
  4180 | D:4      | Reached XP level 7. HP: 22/36 MP: 12/17
  4498 | D:5      | Entered Level 5 of the Dungeon
  5086 | D:5      | Noticed Natasha
  5116 | D:5      | Noticed Sigmund
  5168 | D:6      | Reached skill level 10 in Conjurations
  5325 | D:6      | Acquired Vehumet's first power
  5325 | D:6      | Offered knowledge of Shock by Vehumet.
  5687 | D:6      | Reached skill level 11 in Conjurations
  6234 | D:6      | Reached skill level 12 in Fighting
  6234 | D:6      | Reached XP level 8. HP: 38/60 MP: 19/19
  6497 | D:7      | Learned a level 2 spell: Searing Ray
  6577 | D:7      | Found Lereplua's Armour Emporium.
  6588 | D:7      | Bought a +2 robe of magic resistance for 230 gold pieces
  6614 | D:7      | Reached skill level 1 in Staves
  6658 | D:7      | Noticed Blork the orc
  6855 | D:7      | Reached XP level 9. HP: 61/65 MP: 14/20
  7224 | D:7      | Found a glowing golden altar of the Shining One.
  7257 | D:7      | Found a shattered altar of Ashenzari.
  7414 | D:7      | Learned a level 4 spell: Sticky Flame
  7531 | D:7      | Killed Blork the orc
  7649 | D:7      | Offered knowledge of Freeze by Vehumet.
  7649 | D:7      | Reached skill level 5 in Spellcasting
  7778 | D:7      | Reached skill level 1 in Charms
  8245 | D:8      | Noticed Joseph
  8254 | D:8      | Killed Joseph
  8255 | D:8      | Reached XP level 10. HP: 71/71 MP: 11/25
  8291 | D:8      | Found a sacrificial altar of Ru.
  8676 | D:8      | Noticed Grum
  8719 | D:8      | Killed Grum
  8835 | D:9      | Offered knowledge of Throw Frost by Vehumet.
  9053 | D:9      | Found an iron altar of Okawaru.
  9103 | D:9      | Noticed Pikel
  9114 | D:9      | Killed Pikel
  9895 | D:10     | Entered Level 10 of the Dungeon
  9897 | D:10     | Acquired Vehumet's second power
  9905 | D:10     | Noticed a hill giant
  9913 | D:10     | Killed a hill giant
  9913 | D:10     | Reached skill level 5 in Charms
 10251 | D:10     | Found a staircase to the Orcish Mines.
 10268 | D:10     | Offered knowledge of Mephitic Cloud by Vehumet.
 10275 | D:10     | Learned a level 3 spell: Mephitic Cloud
 10419 | D:10     | Reached skill level 1 in Air Magic
 10958 | D:10     | Noticed Urug
 10971 | D:10     | Killed Urug
 10971 | D:10     | Reached skill level 5 in Air Magic
 10971 | D:10     | Reached XP level 11. HP: 50/76 MP: 5/27
 10973 | D:10     | Noticed a hill giant
 11071 | D:10     | Killed a hill giant
 11113 | D:10     | Acquired Vehumet's third power
 11134 | D:10     | Found an opulent altar of Gozag.
 11141 | D:10     | Found Gozag's Platinum Reserve.
 11281 | D:10     | Offered knowledge of Stone Arrow by Vehumet.
 11743 | Orc:1    | Entered Level 1 of the Orcish Mines
 11835 | D:11     | Noticed a hill giant
 11851 | D:11     | Killed a hill giant
 11896 | D:11     | Noticed an eight-headed hydra
 11905 | D:11     | Killed an eight-headed hydra
 11905 | D:11     | Reached skill level 5 in Dodging
 12288 | D:11     | Noticed a hill giant
 12297 | D:11     | Killed a hill giant
 12631 | D:11     | Found a staircase to the Lair.
 12913 | Lair:1   | Entered Level 1 of the Lair of Beasts
 14324 | Lair:2   | Reached XP level 12. HP: 81/81 MP: 19/28
 15193 | Lair:3   | Learned a level 5 spell: Fireball
 15233 | Lair:3   | Noticed a death yak
 15236 | Lair:3   | Noticed a death yak
 15549 | Lair:3   | Reached skill level 10 in Dodging
 16262 | Lair:4   | Found a staircase to the Snake Pit.
 16683 | Lair:4   | Offered knowledge of Bolt of Draining by Vehumet.
 17819 | Lair:5   | Reached skill level 13 in Dodging
 18237 | Lair:5   | Noticed Maud
 18277 | Lair:5   | Noticed a death yak
 18282 | Lair:5   | Noticed a seven-headed hydra
 18886 | D:12     | Reached XP level 13. HP: 86/86 MP: 4/28
 19037 | D:12     | Found a portal to a secret trove of treasure.
 19241 | D:12     | Reached skill level 1 in Fire Magic
 19930 | D:13     | Found Kunump Mung's Food Emporium.
 19941 | D:13     | Found Grealasm's Weapon Emporium.
 20332 | D:13     | Reached skill level 5 in Fire Magic
 20528 | D:13     | Found Ybbimuc's Gadget Emporium.
 20763 | D:13     | Found Monaer's Antique Weapon Emporium.
 20766 | D:13     | Bought a twisted trident for 212 gold pieces
 20766 | D:13     | Bought a runed quarterstaff for 100 gold pieces
 20766 | D:13     | Identified the +5 trident "Claurewn" {pierce, *Rage rN+ Str+6 Int+5} (You bought it in a shop on level 13 of the Dungeon)
 20773 | D:13     | Gained mutation: You possess an exceptional clarity of mind. [potion of beneficial mutation]
 20963 | D:13     | Found Wian's Armour Shoppe.
 20973 | D:13     | Bought a +2 cloak of magic resistance for 408 gold pieces
 21500 | D:14     | Found a sparkling altar of Nemelex Xobeh.
 22296 | D:14     | Noticed an ironheart preserver
 22358 | D:14     | Found Qudisept's Antique Weapon Shop.
 22406 | D:15     | Entered Level 15 of the Dungeon
 22782 | Orc:1    | Noticed Snorg
 22798 | Orc:1    | Noticed Gastronok
 22808 | Orc:1    | Killed Gastronok
 24353 | Orc:2    | Noticed an orc warlord
 24514 | Orc:2    | Killed Snorg
 24636 | Orc:2    | Learned a level 6 spell: Bolt of Fire
 24691 | Orc:2    | Found a roughly hewn altar of Beogh.
 24883 | Orc:3    | Offered knowledge of Ozocubu's Refrigeration by Vehumet.
 25537 | Orc:4    | Entered Level 4 of the Orcish Mines
 25549 | Orc:4    | Found a bloodstained altar of Trog.
 25807 | Orc:4    | Found Udoa's Jewellery Emporium.
 25815 | Orc:4    | Bought the brooch of Shielding {Ward rN+ AC+4 EV+4} for 834 gold pieces
 26171 | Orc:4    | Offered knowledge of Spellforged Servitor by Vehumet.
 26294 | Orc:4    | Reached XP level 14. HP: 92/92 MP: 13/32
 27702 | Orc:4    | Found a roughly hewn altar of Beogh.
 27755 | Orc:4    | Reached skill level 10 in Spellcasting
 27766 | Orc:4    | Noticed an orc warlord
 28079 | Orc:3    | Killed an orc warlord
 28639 | Orc:4    | Found Wismiucu's Distillery.
 28639 | Orc:4    | Found Claukik's Magic Scroll Shoppe.
 28644 | Orc:4    | Bought a potion of heal wounds for 70 gold pieces
 28644 | Orc:4    | Bought a potion of brilliance for 56 gold pieces
 28644 | Orc:4    | Bought a potion of brilliance for 56 gold pieces
 28653 | Orc:4    | Bought 3 scrolls of teleportation for 99 gold pieces
 28919 | Orc:4    | Found Nos Eca's Jewellery Boutique.
 28919 | Orc:4    | Found Kagadaurio's Food Shoppe.
 28985 | Orc:4    | Found a staircase to the Elven Halls.
 29265 | Orc:2    | Killed an orc warlord
 29737 | Lair:1   | Upgraded the game from 0.16-a0-4127-g24fbb24 to 0.17-a0-1-g1f4be75
 30220 | Lair:5   | Offered knowledge of Freezing Cloud by Vehumet.
 30293 | Lair:5   | Killed Maud
 30634 | Lair:5   | Killed a seven-headed hydra
 31516 | Lair:6   | Found a staircase to the Shoals.
 31659 | Lair:6   | Got a scorched spear
 31660 | Lair:6   | Identified the cursed +0 spear of Nyficir {flame, Dex+4} (You found it on level 6 of the Lair of Beasts)
 31798 | Lair:6   | Offered knowledge of Conjure Ball Lightning by Vehumet.
 32377 | Lair:7   | Reached skill level 5 in Staves
 32856 | Lair:7   | Killed a death yak
 33006 | Lair:7   | Reached XP level 15. HP: 93/96 MP: 29/35
 33251 | Lair:8   | Entered Level 8 of the Lair of Beasts
 33475 | Lair:8   | Noticed Nergalle
 33619 | Lair:8   | Killed Nergalle
 34512 | Lair:8   | Reached skill level 10 in Staves
 34702 | Lair:8   | Found a viscous altar of Jiyva.
 34703 | Lair:8   | Found a staircase to the Slime Pits.
 34710 | Lair:8   | Offered knowledge of Bolt of Cold by Vehumet.
 36623 | Lair:3   | Killed a death yak
 36783 | Lair:1   | Learned a level 2 spell: Repel Missiles
 36946 | Orc:4    | Bought an uncursed ring of see invisible for 225 gold pieces
 37343 | Snake:1  | Entered Level 1 of the Snake Pit
 37358 | Snake:1  | Reached skill level 1 in Evocations
 37513 | Snake:1  | Found Kaet's Gadget Emporium.
 37561 | Snake:1  | Offered knowledge of Poison Arrow by Vehumet.
 37931 | Snake:2  | Found Trexoth's Food Shop.
 37941 | Snake:2  | Found Eqaum's General Store.
 37949 | Snake:2  | Bought a scroll of identify for 28 gold pieces
 37960 | Snake:2  | Found Ghaliw's Antique Armour Boutique.
 38340 | Snake:2  | Found Steitt's Magic Scroll Boutique.
 38349 | Snake:2  | Bought a scroll of identify for 30 gold pieces
 38637 | Snake:2  | Reached XP level 16. HP: 99/101 MP: 34/37
 38727 | Snake:2  | Found Twei's Food Emporium.
 39666 | Snake:3  | Learned a level 9 spell: Tornado
 40108 | Snake:3  | Reached skill level 14 in Spellcasting
 40601 | Snake:4  | Offered knowledge of Lehudib's Crystal Spear by Vehumet.
 40601 | Snake:4  | Offered knowledge of Fire Storm by Vehumet.
 40601 | Snake:4  | Offered knowledge of Glaciate by Vehumet.
 41222 | Snake:4  | Reached skill level 15 in Spellcasting
 41765 | Snake:5  | Entered Level 5 of the Snake Pit
 42591 | Snake:5  | Reached skill level 16 in Spellcasting
 42620 | Snake:5  | Reached XP level 17. HP: 104/106 MP: 31/39
 43716 | Snake:5  | Reached skill level 17 in Spellcasting
 45565 | Snake:5  | Reached skill level 18 in Spellcasting
 46374 | Snake:5  | Reached XP level 18. HP: 106/112 MP: 32/41
 47243 | Snake:5  | Reached skill level 19 in Spellcasting
 47431 | Snake:5  | Got a serpentine rune of Zot
 48468 | Lair:1   | Learned a level 6 spell: Haste
 48475 | Lair:1   | Learned a level 6 spell: Poisonous Cloud
 48655 | Elf:1    | Entered Level 1 of the Elven Halls
 49720 | Elf:1    | Found Idoacemp's Book Shoppe.
 49989 | Elf:2    | Found Yqah Aku's Antique Weapon Shoppe.
 50287 | Elf:2    | Found a runed gate.
 50288 | Elf:2    | Found a runed gate.
 50290 | Elf:2    | Found a runed gate.
 50917 | Elf:2    | Reached XP level 19. HP: 69/116 MP: 14/42
 51435 | Elf:3    | Entered Level 3 of the Elven Halls
 51511 | Elf:3    | Found Shyampown's Antique Armour Shop.
 51523 | Elf:3    | Bought a pair of glowing gloves for 103 gold pieces
 52051 | Elf:3    | Identified the Volume of Summoning
 52261 | Elf:3    | Found a shimmering altar of Xom.
 52362 | Elf:3    | Reached skill level 10 in Charms
 53453 | Elf:3    | Reached skill level 10 in Air Magic
 53699 | Elf:3    | Got a heavily runed bronze ring
 53701 | Elf:3    | Got a sparkling jade ring
 53897 | Elf:3    | Identified the ring of the Stallion {rN+ MR+ MP-9 Str+4 Int+6} (You took it off a deep elf high priest on level 3 of the Elven Halls)
 53899 | Elf:3    | Identified the ring "Clet Khe" {+Fly rElec MP+9 AC+4} (You took it off a deep elf summoner on level 3 of the Elven Halls)
 53906 | Elf:3    | Got an opalescent robe
 53917 | Elf:3    | Identified the +2 robe "Blialili" {rPois Dex+3} (You took it off a deep elf mage on level 3 of the Elven Halls)
 53938 | Elf:3    | Got an iridescent long sword
 53939 | Elf:3    | Identified the +7 long sword of Day {freeze, *Rage rPois rF+ Dex+4 Stlth+} (You took it off a deep elf mage on level 3 of the Elven Halls)
 54015 | Elf:3    | Got a heavily runed platinum amulet
 54017 | Elf:3    | Identified the amulet "Taschuedd" {Gourm rPois} (You took it off a deep elf annihilator on level 3 of the Elven Halls)
 54085 | Elf:3    | Identified the Reference Book on Gliding Combat Magic
 54096 | Elf:3    | Identified the Volume of Quantum Attacks (You found it on level 3 of the Elven Halls)
 54100 | Elf:3    | Learned a level 2 spell: Blink
 54127 | Elf:3    | Identified the Compendium of Gliding Creation (You found it on level 3 of the Elven Halls)
 54454 | Lair:1   | Identified a scroll of acquirement
 54637 | D:11     | Noticed an unseen horror
 54644 | D:11     | Killed an unseen horror
 55913 | D:14     | Killed an ironheart preserver
 56057 | D:14     | Noticed a vault guard
 56062 | D:14     | Killed a vault guard
 56091 | D:14     | Found a gate to the Vaults.
 56541 | D:15     | Found a staircase to the Depths.
 56644 | D:15     | Reached XP level 20. HP: 122/122 MP: 25/43
 57002 | D:15     | Noticed Kirke
 57008 | D:15     | Killed Kirke
 57253 | D:15     | Reached skill level 15 in Air Magic
 57749 | Depths:1 | Entered Level 1 of the Depths
 59321 | Depths:1 | Found Trasexe's Armour Shop.
 59358 | Depths:1 | Found a gateway to Hell.
 60319 | Depths:2 | Reached XP level 21. HP: 127/127 MP: 29/44
 60323 | Depths:2 | Identified the Catalogue of Unstable Augmentations (You found it on level 2 of the Depths)
 60544 | Lair:1   | Learned a level 6 spell: Deflect Missiles
 60556 | Lair:1   | Learned a level 4 spell: Airstrike
 60947 | Depths:2 | Noticed Aizul
 61677 | Depths:2 | Reached skill level 1 in Shields
 61740 | Depths:2 | Reached XP level 22. HP: 132/132 MP: 22/44
 62382 | Depths:2 | Reached skill level 5 in Shields
 62438 | Depths:2 | Found a one-way gate leading to the halls of Pandemonium.
 62707 | Vaults:1 | Entered Level 1 of the Vaults
 65010 | Vaults:1 | Noticed Norris
 65018 | Vaults:1 | Killed Norris
 65207 | Vaults:1 | Reached skill level 10 in Shields
 67254 | Vaults:2 | Noticed Jory
 67432 | Vaults:2 | Killed Jory
 67684 | Vaults:2 | Reached XP level 23. HP: 136/136 MP: 27/45
 70235 | Vaults:3 | Identified a +9 rod of destruction (12/12) (You found it on level 3 of the Vaults)
 70307 | Vaults:3 | Reached skill level 15 in Shields
 72304 | Vaults:3 | Found a staircase to the Crypt.
 73229 | Vaults:4 | Noticed Sojobo
 73644 | Vaults:4 | Found a glowing golden altar of the Shining One.
 73994 | Vaults:4 | Noticed Mara
 74184 | Vaults:4 | Killed Sojobo
 74184 | Vaults:4 | Reached XP level 24. HP: 142/142 MP: 15/45
 74316 | Vaults:4 | Found a flickering gateway to a bazaar.
 74348 | Bazaar   | Entered a bazaar
 74352 | Bazaar   | Found Diarcho's Assorted Antiques.
 74370 | Bazaar   | Found Shapnaka's Antique Weapon Emporium.
 74387 | Bazaar   | Found Klav's General Store.
 74404 | Bazaar   | Found Secsig's Antique Weapon Shoppe.
 74426 | Bazaar   | Bought a shiny diamond ring for 175 gold pieces
 74456 | Bazaar   | Bought a scroll of identify for 20 gold pieces
 74456 | Bazaar   | Bought the ring "Lazeib" {rF+ MR+ Str+7 Int-4 Dex+3 Stlth-} for 502 gold pieces
 74456 | Bazaar   | Bought a slice of pizza for 15 gold pieces
 74456 | Bazaar   | Bought a meat ration for 50 gold pieces
 74456 | Bazaar   | Bought a scroll of fog for 20 gold pieces
 74791 | Vaults:1 | Reached skill level 15 in Dodging
 76520 | Vaults:4 | Reached skill level 10 in Fire Magic
 76605 | Vaults:4 | Noticed achirane's illusion
 77128 | Vaults:4 | Killed Mara
 77221 | Vaults:5 | Entered Level 5 of the Vaults
 77788 | Shoals:1 | Entered Level 1 of the Shoals
 78006 | Shoals:1 | Found Bagrear's Magic Scroll Shop.
 78131 | Shoals:1 | Found a frozen archway.
 78171 | IceCv    | Entered an ice cave
 80213 | Shoals:3 | Found Igerr's Assorted Antiques.
 80227 | Shoals:3 | Bought a shimmering zirconium amulet for 165 gold pieces
 80227 | Shoals:3 | Bought a scroll labeled BIOGHA PSUCI for 33 gold pieces
 80230 | Shoals:3 | Identified the amulet "Nocalef" {Faith MR+} (You bought it in a shop on level 3 of the Shoals)
 80531 | Shoals:3 | Noticed Jorgrun
 80633 | Shoals:3 | Killed Jorgrun
 80648 | Shoals:3 | Reached skill level 10 in Evocations
 81386 | Shoals:4 | Found Mneluem's Assorted Antiques.
 81399 | Shoals:4 | Noticed Donald
 81403 | Shoals:4 | Killed Donald
 82549 | Shoals:5 | Entered Level 5 of the Shoals
 82696 | Shoals:5 | Got a warped ring mail
 82697 | Shoals:5 | Identified the +3 ring mail of Free Expression {+Inv rC+} (You found it on level 5 of the Shoals)
 82794 | Shoals:5 | Got a ring of the Octopus King
 82796 | Shoals:5 | Identified a ring of the Octopus King {MP+9 AC+1 EV+1 Str+1 Int+1 Dex+1} (You found it on level 5 of the Shoals)
 83060 | Shoals:5 | Noticed Ilsuiw
 83070 | Shoals:5 | Killed Ilsuiw
 83461 | Shoals:5 | Reached XP level 25. HP: 147/147 MP: 31/46
 84043 | Shoals:5 | Got a barnacled rune of Zot
 84656 | Shoals:1 | Bought a scroll of amnesia for 52 gold pieces
 85039 | Elf:1    | Bought a Necronomicon for 1324 gold pieces
 85192 | Elf:3    | Learned a level 6 spell: Death Channel
 85796 | Slime:1  | Entered Level 1 of the Pits of Slime
 85802 | Lair:8   | Reached skill level 1 in Necromancy
 86583 | Slime:2  | Reached skill level 5 in Necromancy
 87343 | Slime:6  | Entered Level 6 of the Pits of Slime
 88676 | Slime:6  | Noticed the royal jelly
 88691 | Slime:6  | Killed the royal jelly
 88691 | Slime:6  | Reached skill level 10 in Necromancy
 90251 | Slime:6  | Got a warped ring mail
 90254 | Slime:6  | Identified Sif Muna's Incunabulum of Dislocation
 90257 | Slime:6  | Got a pitted bone ring
 90273 | Slime:6  | Got a slimy bardiche
 90274 | Slime:6  | Identified the cursed +3 bardiche of Bleif {venom, -Cast rElec rF+ MR+} (You found it on level 6 of the Pits of Slime)
 90277 | Slime:6  | Identified the ring of Coronation {rF+ Int+3} (You found it on level 6 of the Pits of Slime)
 90278 | Slime:6  | Identified the +3 ring mail "Buow" {Int+5} (You found it on level 6 of the Pits of Slime)
 90313 | Slime:6  | Got a slimy rune of Zot
 90348 | Slime:6  | Identified the Handbook of the Rocks
 90356 | Slime:6  | Got a glittering iron amulet
 90358 | Slime:6  | Identified the Catalogue of Attacks and the Arsonist
 90388 | Slime:6  | Identified the Catalogue of Mutagenic Curses
 90415 | Slime:6  | Identified the amulet "Xaaj" {Gourm MR+ Str+4 Int+3 Dex-3 Stlth+} (You found it on level 6 of the Pits of Slime)
 92235 | Depths:2 | Found a gateway to a ziggurat.
 92618 | Depths:2 | Killed Aizul
 93367 | Depths:2 | Reached XP level 26. HP: 152/152 MP: 28/46
 93884 | Depths:2 | Noticed a caustic shrike
 94079 | Depths:2 | Noticed a golden dragon
 94253 | Depths:2 | Noticed a caustic shrike
 94257 | Depths:2 | Killed a caustic shrike
 95001 | Depths:2 | Killed a caustic shrike
 95001 | Depths:2 | Reached skill level 15 in Evocations
 95130 | Depths:2 | Killed a golden dragon
 95418 | Depths:2 | Noticed a golden dragon
 95424 | Depths:2 | Killed a golden dragon
 96342 | Depths:2 | Got a shimmering dagger
 96343 | Depths:2 | Identified the +5 dagger of the Six Seas {drain, Noisy +Fly Int+2} (You took it off a deep elf knight on level 2 of the Depths)
 96737 | Depths:2 | Got a pair of dazzling gloves
 96748 | Depths:2 | Identified the +1 pair of gloves of Integrity {rN+} (You found it on level 2 of the Depths)
 97622 | Depths:3 | Got a smoking jade ring
 97635 | Depths:3 | Identified the ring "Geizor" {+Inv rElec MP+9 SInv} (You took it off a centaur on level 3 of the Depths)
 97700 | Depths:3 | Reached skill level 15 in Necromancy
 98831 | Depths:4 | Reached XP level 27. HP: 157/157 MP: 20/47
 98986 | Depths:4 | Noticed Xtahua
 99024 | Depths:4 | Killed Xtahua
 99490 | Depths:4 | Noticed Frederick
 99514 | Depths:4 | Killed Frederick
 99789 | Depths:4 | Found a one-way gate to the infinite horrors of the Abyss.
100173 | Depths:4 | Noticed Boris
100396 | Depths:4 | Killed Boris
101306 | Lair:1   | Learned a level 1 spell: Beastly Appendage
101431 | D:14     | Reached skill level 1 in Transmutations
101553 | Depths:5 | Entered Level 5 of the Depths
101940 | Depths:5 | Reached skill level 5 in Transmutations
102715 | Depths:5 | Found a gate to the Realm of Zot.
103019 | Zot:1    | Entered Level 1 of the Realm of Zot
103798 | Zot:1    | Reached skill level 10 in Transmutations
104605 | Zot:1    | Noticed an orb of fire
104610 | Zot:1    | Gained mutation: You occasionally shout uncontrollably at your foes. [an orb of fire]
104718 | Zot:1    | Gained mutation: You are clumsy. (Dex -2) [mutagenic glow]
104985 | Zot:1    | Killed an orb of fire
105097 | Zot:2    | Reached skill level 1 in Translocations
105881 | Zot:3    | Reached skill level 5 in Translocations
106120 | Zot:3    | Noticed an orb of fire
106131 | Zot:3    | Gained mutation: Scrolls take you a little longer to read. [an orb of fire]
106145 | Zot:3    | Killed an orb of fire
106615 | Zot:3    | Found a glowing golden altar of the Shining One.
107890 | Zot:3    | Identified the Volume of Fire and Brimstone
107901 | Zot:3    | Identified the Handbook of the Zealot
108095 | Zot:2    | Reached skill level 10 in Translocations
108458 | Lair:1   | Learned a level 8 spell: Necromutation
110987 | Crypt:1  | Entered Level 1 of the Crypt
112007 | Crypt:1  | Reached skill level 15 in Transmutations
113554 | Crypt:2  | Got a slimy quarterstaff
113557 | Crypt:2  | Identified the +6 quarterstaff of Kouvuz {crush, rF+} (You took it off a wight on level 2 of the Crypt)
113563 | Crypt:2  | Got a crude chain mail
113566 | Crypt:2  | Identified the +2 chain mail "Seonnal" {rElec rN+ rCorr Stlth-} (You took it off a wight on level 2 of the Crypt)
113569 | Crypt:2  | Found a basalt altar of Yredelemnul.
114133 | Crypt:3  | Entered Level 3 of the Crypt
114624 | Crypt:3  | Found an ancient bone altar of Kikubaaqudgha.
114624 | Crypt:3  | Noticed an ancient lich
114632 | Crypt:3  | Killed an ancient lich
114709 | Crypt:3  | Got a transparent bronze ring
114709 | Crypt:3  | Got a shimmering brass ring
114711 | Crypt:3  | Identified the ring "Kosaot" {rC+ rN+ MR- Dex+5} (You found it on level 3 of the Crypt)
114713 | Crypt:3  | Identified the ring of Xom's Best Wishes {rN+ Int+5 Slay-3} (You found it on level 3 of the Crypt)
115236 | Crypt:3  | Noticed Khufu
115456 | Crypt:3  | Killed Khufu
115456 | Crypt:3  | Reached skill level 15 in Fighting
115592 | Crypt:3  | Found a staircase to the Tomb.
116473 | Tomb:1   | Entered Level 1 of the Tomb of the Ancients
117909 | Tomb:1   | Noticed an ancient lich
117918 | Tomb:1   | Killed an ancient lich
118111 | Tomb:2   | Noticed an ancient lich
118503 | Tomb:2   | Killed an ancient lich
118656 | Tomb:2   | Learned a level 1 spell: Apportation
119377 | Tomb:1   | Reached skill level 20 in Fighting
119846 | Tomb:1   | Reached skill level 21 in Fighting
120229 | Tomb:3   | Entered Level 3 of the Tomb of the Ancients
120257 | Tomb:3   | Killed from afar by an anubis guard

Action                   |  1- 3 |  4- 6 |  7- 9 | 10-12 | 13-15 | 16-18 | 19-21 | 22-24 | 25-27 || total
-------------------------+-------+-------+-------+-------+-------+-------+-------+-------+-------++-------
Melee: Club              |    20 |       |       |       |       |       |       |       |       ||    20
       Short sword       |    27 |    27 |       |       |       |       |       |       |       ||    54
       Quarterstaff      |       |     7 |    27 |    34 |   542 |       |       |       |       ||   610
       Staff             |       |       |       |       |    28 |   415 |    86 |    37 |   234 ||   800
       Quick blade       |       |       |       |       |       |       |       |       |   517 ||   517
Throw: Stone             |     4 |     1 |     1 |       |       |       |       |       |       ||     6
       Tomahawk          |       |       |       |       |     6 |     1 |       |       |     5 ||    12
 Cast: Magic Dart        |    49 |   107 |   155 |   450 |   753 |   251 |   250 |   470 |   276 ||  2761
       Iskenderun's Myst |       |     4 |    15 |    14 |     3 |       |       |       |       ||    36
       Searing Ray       |       |       |    24 |    86 |    22 |    30 |    20 |     5 |    24 ||   211
       Iskenderun's Batt |       |       |     1 |    69 |   160 |   111 |   100 |   202 |   320 ||   963
       Sticky Flame      |       |       |     1 |    23 |   162 |   167 |    50 |    33 |    68 ||   504
       Mephitic Cloud    |       |       |       |    45 |    81 |     1 |     1 |     3 |       ||   131
       Fireball          |       |       |       |     1 |     5 |     1 |    13 |     8 |     6 ||    34
       Bolt of Fire      |       |       |       |       |   139 |   211 |   218 |   490 |  1251 ||  2309
       Repel Missiles    |       |       |       |       |     1 |     3 |     2 |       |       ||     6
       Poisonous Cloud   |       |       |       |       |       |     3 |     2 |       |       ||     5
       Haste             |       |       |       |       |       |       |     7 |    19 |    73 ||    99
       Airstrike         |       |       |       |       |       |       |    20 |   176 |   465 ||   661
       Tornado           |       |       |       |       |       |       |     2 |       |    34 ||    36
       Deflect Missiles  |       |       |       |       |       |       |     1 |     6 |     4 ||    11
       Necromutation     |       |       |       |       |       |       |       |       |    84 ||    84
       Blink             |       |       |       |       |       |       |       |       |     3 ||     3
       Death Channel     |       |       |       |       |       |       |       |       |     2 ||     2
 Abil: Fly               |       |       |       |       |     1 |       |       |       |       ||     1
       End Transformatio |       |       |       |       |       |       |       |       |     1 ||     1
Evoke: Wand              |       |       |     4 |     6 |     3 |       |     2 |     6 |    35 ||    56
       Phantom mirror    |       |       |       |       |     1 |       |       |       |       ||     1
       Crystal ball of e |       |       |       |       |       |       |     1 |       |    11 ||    12
       Staff of energy   |       |       |       |       |       |       |       |     2 |  2376 ||  2378
  Use: Scroll            |       |     9 |     7 |    14 |    11 |    10 |    10 |    13 |    43 ||   117
       Potion            |       |     3 |     5 |     3 |     7 |     4 |     1 |     1 |    12 ||    36
 Stab: Sleeping          |       |     3 |     2 |     2 |     2 |     2 |     1 |       |       ||    12
       Confused          |       |       |       |       |     3 |       |       |       |       ||     3
  Eat: Chunk             |     3 |     9 |     7 |    49 |   112 |    77 |    45 |    45 |   121 ||   468
       Beef jerky        |       |       |     1 |       |     1 |       |       |     1 |     2 ||     5
       Meat ration       |       |       |     2 |     1 |     2 |       |       |     2 |     1 ||     8
       Bread ration      |       |       |       |     1 |     3 |       |     1 |     1 |    12 ||    18
       Pizza             |       |       |       |       |     2 |     1 |     1 |       |     3 ||     7
       Fruit             |       |       |       |       |     3 |     1 |       |     7 |       ||    11
       Royal jelly       |       |       |       |       |       |     1 |     1 |       |     2 ||     4
